PL
THUNDER BAY NORTHERN LIONS BC @ BOSTON PATRIOTS
10/12/2026
 
TOP OF THE 1ST
Thunder Bay Northern Lions BC batting - Pitching for Boston Patriots : RHP Lúcio Sánchez
Pitching: RHP Lúcio Sánchez
Batting: RHB Keith Fish 0-0: Called Strike
0-1: Ball
1-1: Fly out, F7 (Flyball, 78S)
Batting: LHB Chris Gregory 0-0: Ball
1-0: Called Strike
1-1: Ball
2-1: Ground out 4-3 (Groundball, 4)
Batting: LHB David Smith 0-0: Ball
1-0: Fly out, F3 (Line Drive, 3L)
Top of the 1st over - 0 run(s), 0 hit(s), 0 error(s), 0 left on base; Thunder Bay 0 - Boston 0
BOTTOM OF THE 1ST
Boston Patriots batting - Pitching for Thunder Bay Northern Lions BC : RHP Ramón Molina
Pitching: RHP Ramón Molina
Batting: LHB Ki-tak Im 0-0: Ball
1-0: Called Strike
1-1: SINGLE (Groundball, 34S) (infield hit)
Batting: RHB Tommy Jones 0-0: Foul Ball, location: 2F
0-1: Ball
1-1: Ball
2-1: Ball
3-1: Fly out, F7 (Flyball, 7S)
Batting: RHB Terry Armstrong 0-0: Ball
1-0: Ball
Wild Pitch!
Ki-tak Im to second
2-0: Foul Ball, location: 2F
2-1: Ball
3-1: Base on Balls
Batting: RHB Tamasaburo Kato 0-0: Ball
1-0: Called Strike
1-1: Foul Ball, location: 2F
1-2: Foul Ball, location: 2F
1-2: Ball
2-2: Foul Ball, location: 2F
2-2: Fly out, F8 (Flyball, 78S)
Batting: LHB Timmy Appeldoorn 0-0: Foul Ball, location: 2F
0-1: Ball
1-1: Called Strike
1-2: Ball
2-2: Ball
3-2: Foul Ball, location: 2F
3-2: Foul Ball, location: 2F
3-2: Ground out 4-3 (Groundball, 6M)
Bottom of the 1st over - 0 run(s), 1 hit(s), 0 error(s), 2 left on base; Thunder Bay 0 - Boston 0
TOP OF THE 2ND
Thunder Bay Northern Lions BC batting - Pitching for Boston Patriots : RHP Lúcio Sánchez
Batting: RHB Wilfred McLaughlin 0-0: Ball
1-0: Foul Ball, location: 2F
1-1: Called Strike
1-2: Ball
2-2: Foul Ball, location: 2F
2-2: Foul Ball, location: 2F
2-2: DOUBLE (Line Drive, 7LM)
Batting: RHB Carlos Padilla 0-0: Called Strike
0-1: Ground out 6-3 (Groundball, 6)
Batting: SHB Carlos Rodríguez 0-0: Called Strike
0-1: Called Strike
Wilfred McLaughlin steals 3rd base
0-2: Ball
1-2: Ball
2-2: Fly out, F5 (Flyball, 56D)
Batting: SHB Arnold Griffith 0-0: Ball
1-0: Foul Ball, location: 2F
1-1: Swinging Strike
1-2: Ground out 4-3 (Groundball, 34)
Top of the 2nd over - 0 run(s), 1 hit(s), 0 error(s), 1 left on base; Thunder Bay 0 - Boston 0
BOTTOM OF THE 2ND
Boston Patriots batting - Pitching for Thunder Bay Northern Lions BC : RHP Ramón Molina
Batting: RHB Brent Ryan 0-0: Called Strike
0-1: Foul Ball, location: 2F
0-2: Ball
1-2: Strikes out swinging
Batting: RHB Karl Schultz 0-0: Ball
1-0: Ball
2-0: SINGLE (Flyball, 9LS)
Batting: LHB Bill Chambers 0-0: Grounds into double play, 4-6-3 (Groundball, 34)
Bottom of the 2nd over - 0 run(s), 1 hit(s), 0 error(s), 0 left on base; Thunder Bay 0 - Boston 0
TOP OF THE 3RD
Thunder Bay Northern Lions BC batting - Pitching for Boston Patriots : RHP Lúcio Sánchez
Batting: LHB John Brewer 0-0: SINGLE (Groundball, 34D)
Batting: RHB Barkley B. Cooltimes 0-0: Grounds into double play, 5-4-3 (Groundball, 5)
Batting: RHB Keith Fish 0-0: Ground out 5-3 (Groundball, 5)
Top of the 3rd over - 0 run(s), 1 hit(s), 0 error(s), 0 left on base; Thunder Bay 0 - Boston 0
BOTTOM OF THE 3RD
Boston Patriots batting - Pitching for Thunder Bay Northern Lions BC : RHP Ramón Molina
Batting: RHB Seon-keun Kim 0-0: Ball
1-0: Fly out, F4 (Popup, 4D)
Batting: LHB Ki-tak Im 0-0: Ball
1-0: Foul Ball, location: 2F
1-1: Ball
2-1: Called Strike
2-2: Ground out 3-1 (Groundball, 34)
Batting: RHB Tommy Jones 0-0: Called Strike
0-1: Ball
1-1: Ground out 6-3 (Groundball, 6)
Bottom of the 3rd over - 0 run(s), 0 hit(s), 0 error(s), 0 left on base; Thunder Bay 0 - Boston 0
TOP OF THE 4TH
Thunder Bay Northern Lions BC batting - Pitching for Boston Patriots : RHP Lúcio Sánchez
Batting: LHB Chris Gregory 0-0: Called Strike
0-1: Foul Ball, location: 2F
0-2: Strikes out swinging
Batting: LHB David Smith 0-0: Ball
1-0: Called Strike
1-1: Swinging Strike
1-2: Ball
2-2: Ball
3-2: Ground out U3 (Groundball, 34)
Batting: RHB Wilfred McLaughlin 0-0: Called Strike
0-1: Ball
1-1: Ball
2-1: SINGLE (Flyball, 6MD)
Batting: RHB Carlos Padilla 0-0: Ball
Wilfred McLaughlin steals 2nd base
1-0: Ball
2-0: Called Strike
2-1: Ball
3-1: Called Strike
3-2: Strikes out looking
Top of the 4th over - 0 run(s), 1 hit(s), 0 error(s), 1 left on base; Thunder Bay 0 - Boston 0
BOTTOM OF THE 4TH
Boston Patriots batting - Pitching for Thunder Bay Northern Lions BC : RHP Ramón Molina
Batting: RHB Terry Armstrong 0-0: Ball
1-0: Ball
2-0: Foul Ball, location: 2F
2-1: Ball
3-1: SINGLE (Line Drive, 7S)
Batting: RHB Tamasaburo Kato 0-0: Ball
1-0: Ball
2-0: Ball
3-0: Base on Balls
Terry Armstrong to second
Batting: LHB Timmy Appeldoorn 0-0: Swinging Strike
0-1: Ball
1-1: Ball
2-1: Called Strike
2-2: Strikes out swinging
Batting: RHB Brent Ryan 0-0: Ball
1-0: Foul Ball, location: 2F
1-1: Foul Ball, location: 2F
1-2: Foul Ball, location: 2F
1-2: Fly out, F7 (Flyball, 7S)
Batting: RHB Karl Schultz 0-0: Ball
1-0: Ball
2-0: Ball
3-0: Called Strike
3-1: DOUBLE (Line Drive, 9LD)
Terry Armstrong scores
Tamasaburo Kato to third
Batting: LHB Bill Chambers 0-0: Ball
1-0: Ground out 5-3 (Groundball, 56)
Bottom of the 4th over - 1 run(s), 2 hit(s), 0 error(s), 2 left on base; Thunder Bay 0 - Boston 1
TOP OF THE 5TH
Thunder Bay Northern Lions BC batting - Pitching for Boston Patriots : RHP Lúcio Sánchez
Batting: SHB Carlos Rodríguez 0-0: Called Strike
0-1: Fly out, F8 (Flyball, 78D)
Batting: SHB Arnold Griffith 0-0: Swinging Strike
0-1: Swinging Strike
0-2: Foul Ball, location: 2F
0-2: Ball
1-2: Fly out, F7 (Flyball, 78M)
Batting: LHB John Brewer 0-0: Ball
1-0: Ball
2-0: SINGLE (Line Drive, 6D)
Batting: RHB Barkley B. Cooltimes 0-0: Ball
1-0: Ball
2-0: Called Strike
2-1: Fielders Choice at 2nd, 6-4 (Groundball, 6)
Top of the 5th over - 0 run(s), 1 hit(s), 0 error(s), 0 left on base; Thunder Bay 0 - Boston 1
BOTTOM OF THE 5TH
Boston Patriots batting - Pitching for Thunder Bay Northern Lions BC : RHP Ramón Molina
Batting: RHB Seon-keun Kim 0-0: Ball
1-0: Swinging Strike
1-1: SINGLE (Flyball, 78S)
Batting: LHB Ki-tak Im 0-0: Called Strike
0-1: SINGLE (Groundball, 34D)
Seon-keun Kim to second
Runner from 2nd tries for 3rd, SAFE, throw made to third
Batting: RHB Tommy Jones 0-0: Ball
1-0: SINGLE (Line Drive, 34D)
Seon-keun Kim scores
Ki-tak Im to second
Runner from 2nd tries for 3rd, SAFE, throw made to third
Batting: RHB Terry Armstrong 0-0: Foul Ball, location: 2F
0-1: DOUBLE (Groundball, 5L)
Ki-tak Im scores
Tommy Jones to third
Batting: RHB Tamasaburo Kato 0-0: Foul Ball, location: 2F
0-1: Swinging Strike
0-2: Ball
Wild Pitch!
Tommy Jones scores
Terry Armstrong to third
1-2: Foul Ball, location: 2F
1-2: Strikes out looking
Batting: LHB Timmy Appeldoorn 0-0: Foul Ball, location: 2F
0-1: Ball
1-1: Ball
2-1: Called Strike
2-2: Ball
Passed Ball!
Terry Armstrong scores
3-2: Strikes out swinging
Batting: RHB Brent Ryan 0-0: Called Strike
0-1: Ball
1-1: SOLO HOME RUN (Flyball, 89XD), Distance : 406 ft
Batting: RHB Karl Schultz 0-0: Ball
1-0: Foul Ball, location: 2F
1-1: Ball
2-1: Swinging Strike
2-2: Fly out, F7 (Line Drive, 78S)
Bottom of the 5th over - 5 run(s), 5 hit(s), 0 error(s), 0 left on base; Thunder Bay 0 - Boston 6
TOP OF THE 6TH
Thunder Bay Northern Lions BC batting - Pitching for Boston Patriots : RHP Lúcio Sánchez
Batting: RHB Keith Fish 0-0: Ball
1-0: Called Strike
1-1: Called Strike
1-2: Foul Ball, location: 2F
1-2: SINGLE (Groundball, 34D)
Batting: LHB Chris Gregory 0-0: Ball
1-0: Called Strike
Keith Fish steals 2nd base
1-1: Ground out 4-3 (Groundball, 4)
Keith Fish to third
Batting: LHB David Smith 0-0: Ball
1-0: Called Strike
1-1: Called Strike
1-2: Ball
2-2: Ground out U3 (Groundball, 34)
Keith Fish scores
Batting: RHB Wilfred McLaughlin 0-0: Ball
1-0: Ground out 1-3 (Groundball, P)
Top of the 6th over - 1 run(s), 1 hit(s), 0 error(s), 0 left on base; Thunder Bay 1 - Boston 6
BOTTOM OF THE 6TH
Boston Patriots batting - Pitching for Thunder Bay Northern Lions BC : RHP Ramón Molina
Pitching: RHP Bill Lee
Batting: LHB Bill Chambers 0-0: Swinging Strike
0-1: Ball
1-1: Ball
2-1: Foul Ball, location: 2F
2-2: Foul Ball, location: 2F
2-2: Ball
3-2: Base on Balls
Batting: RHB Seon-keun Kim 0-0: Called Strike
0-1: Foul Ball, location: 2F
0-2: Fly out, F7 (Flyball, 78S)
Batting: LHB Ki-tak Im 0-0: Ball
1-0: Ball
2-0: Called Strike
2-1: Called Strike
Bill Chambers steals 2nd base
2-2: Foul Ball, location: 2F
2-2: Foul Ball, location: 2F
2-2: 2-RUN HOME RUN (Flyball, 89XD), Distance : 423 ft
Batting: RHB Tommy Jones 0-0: Ground out 6-3 (Groundball, 6)
Batting: RHB Terry Armstrong 0-0: Ball
1-0: Ball
2-0: Ball
3-0: Base on Balls
Batting: RHB Tamasaburo Kato 0-0: Ball
1-0: Called Strike
1-1: Swinging Strike
1-2: 2-RUN HOME RUN (Flyball, 78XD), Distance : 429 ft
Batting: LHB Timmy Appeldoorn 0-0: Called Strike
0-1: Foul Ball, location: 2F
0-2: Fly out, F8 (Flyball, 8RD)
Bottom of the 6th over - 4 run(s), 2 hit(s), 0 error(s), 0 left on base; Thunder Bay 1 - Boston 10
TOP OF THE 7TH
Thunder Bay Northern Lions BC batting - Pitching for Boston Patriots : RHP Lúcio Sánchez
Batting: RHB Carlos Padilla 0-0: Ball
1-0: Foul Ball, location: 2F
1-1: Fly out, F4 (Popup, 4)
Batting: SHB Carlos Rodríguez 0-0: Fly out, F8 (Flyball, 8RD)
Batting: SHB Arnold Griffith 0-0: Ball
1-0: Ball
2-0: Ball
3-0: Called Strike
3-1: Ground out 4-3 (Groundball, 34)
Top of the 7th over - 0 run(s), 0 hit(s), 0 error(s), 0 left on base; Thunder Bay 1 - Boston 10
BOTTOM OF THE 7TH
Boston Patriots batting - Pitching for Thunder Bay Northern Lions BC : RHP Bill Lee
Pitching: LHP Cherles Gachineiro
Batting: RHB Brent Ryan 0-0: Ball
1-0: SOLO HOME RUN (Flyball, 78XD), Distance : 419 ft
Batting: RHB Karl Schultz 0-0: Called Strike
0-1: Foul Ball, location: 2F
0-2: Ball
1-2: Foul Ball, location: 2F
1-2: Ball
2-2: Ground out 6-3 (Groundball, 6)
Batting: LHB Bill Chambers 0-0: Called Strike
0-1: Called Strike
0-2: Foul Ball, location: 2F
0-2: Ball
1-2: Ball
2-2: Ball
3-2: Ground out 1-3 (Groundball, 13S)
Batting: RHB Seon-keun Kim 0-0: Ball
1-0: Ball
2-0: Called Strike
2-1: Fly out, F9 (Flyball, 89D)
Bottom of the 7th over - 1 run(s), 1 hit(s), 0 error(s), 0 left on base; Thunder Bay 1 - Boston 11
TOP OF THE 8TH
Thunder Bay Northern Lions BC batting - Pitching for Boston Patriots : RHP Lúcio Sánchez
Batting: LHB John Brewer 0-0: Fly out, F9 (Flyball, 9LD)
Batting: RHB Barkley B. Cooltimes 0-0: Ball
1-0: Swinging Strike
1-1: Foul Ball, location: 2F
1-2: Ball
2-2: Strikes out swinging
Batting: RHB Keith Fish 0-0: Fly out, F9 (Line Drive, 9)
Top of the 8th over - 0 run(s), 0 hit(s), 0 error(s), 0 left on base; Thunder Bay 1 - Boston 11
BOTTOM OF THE 8TH
Boston Patriots batting - Pitching for Thunder Bay Northern Lions BC : LHP Cherles Gachineiro
Batting: LHB Ki-tak Im 0-0: Called Strike
0-1: Swinging Strike
0-2: Ball
1-2: Ball
2-2: Strikes out swinging
Batting: RHB Tommy Jones 0-0: Ball
1-0: Ball
2-0: Called Strike
2-1: Called Strike
2-2: Fly out, F7 (Flyball, 7)
Batting: RHB Terry Armstrong 0-0: Fly out, F4 (Popup, 4S)
Bottom of the 8th over - 0 run(s), 0 hit(s), 0 error(s), 0 left on base; Thunder Bay 1 - Boston 11
TOP OF THE 9TH
Thunder Bay Northern Lions BC batting - Pitching for Boston Patriots : RHP Lúcio Sánchez
Batting: LHB Chris Gregory 0-0: Called Strike
0-1: Ball
1-1: Ball
2-1: Ball
3-1: Ground out 6-3 (Groundball, 6S)
Batting: LHB David Smith 0-0: Ball
1-0: Ball
2-0: Foul Ball, location: 2F
2-1: DOUBLE (Line Drive, 9LD)
Pitching: RHP Marcos López
Batting: RHB Wilfred McLaughlin 0-0: Ball
1-0: Called Strike
1-1: Foul Ball, location: 2F
1-2: Strikes out swinging
Batting: RHB Carlos Padilla 0-0: Foul Ball, location: 2F
0-1: Foul Ball, location: 2F
0-2: Ball
1-2: Foul Ball, location: 2F
1-2: Fly out, F7 (Flyball, 78M)
Top of the 9th over - 0 run(s), 1 hit(s), 0 error(s), 1 left on base; Thunder Bay 1 - Boston 11
Monday, March 20th, 2017 - OOTP Baseball 17.12 Build 75